 Dungeon Crawl Stone Soup version 0.16.0-11-gd45b091 (webtiles) character file.

1243 stefzke33 the Covered (level 8, -24/70 HPs)
             Began as a Minotaur Fighter on Mar 17, 2015.
             Killed from afar by an orc priest (28 damage)
             ... with an exploding inner flame
             ... hexed by the player character
             ... on level 6 of the Dungeon.
             The game lasted 00:47:08 (4965 turns).

stefzke33 the Covered (Minotaur Fighter)            Turns: 4965, Time: 00:47:21

Health: -24/70     AC: 14    Str: 22    XL:     8   Next: 25%
Magic:  3/3        EV:  7    Int: 15    God:
Gold:   229        SH: 10    Dex: 11    Spells: 0 memorised, 7 levels left

rFire  . . .     SeeInvis .     a - +0 flail
rCold  + . .     Clarity  .     s - +2 chain mail {rC+}
rNeg   + . .     SustAb   .     c - +0 shield
rPois  .         Gourm    .     (helmet restricted)
rElec  .         Spirit   .     u - +0 cloak
rCorr  .         Warding  .     (no gloves)
rMut   .         Stasis   .     (no boots)
MR     .....                    (no amulet)
Stlth  ..........               J - +5 ring of intelligence
                                m - ring of positive energy

@: brilliant, not resistant to hostile enchantments, extremely unstealthy
A: retaliatory headbutt, horns 2, icy blue scales 1, breathe flames 1, slow
healing 1
a: Breathe Fire


You were on level 6 of the Dungeon.
You were not hungry.

You visited 1 branch of the dungeon, and saw 6 of its levels.

You collected 229 gold pieces.

Inventory:

Hand weapons
 a - a +0 flail (weapon)
 g - a +0 hunting sling
 j - a +0 shortbow
 k - a +0 dagger
 n - a +4 hunting sling
 v - a +1 short sword
 A - a +0 spear
 P - a +0 giant spiked club
Missiles
 q - 12 poisoned needles
 r - 74 arrows
 y - 14 sling bullets
Armour
 b - a +0 scale mail
 c - a +0 shield (worn)
 s - a +2 chain mail of cold resistance (worn)
 u - a +0 cloak (worn)
 w - a +0 chain mail
 x - a +2 leather armour of fire resistance
Jewellery
 m - a ring of positive energy (left hand)
 J - a +5 ring of intelligence (right hand)
Magical devices
 G - a wand of lightning (4)
Scrolls
 l - a scroll of magic mapping {unknown}
 o - 9 scrolls of identify {unknown}
 p - 5 scrolls of remove curse {unknown}
 C - a scroll of teleportation {unknown}
 E - a scroll of recharging {unknown}
 I - a scroll of fog {unknown}
 L - a scroll of immolation
Potions
 e - a potion of might
 f - a potion of magic {unknown}
 h - a potion of lignification {unknown}
 i - a potion of curing
 t - 2 potions of cure mutation {unknown}
 z - a potion of agility {unknown}
 B - a potion of mutation
 D - a potion of restore abilities {unknown}
 H - a potion of brilliance
Comestibles
 d - 3 bread rations
 F - 5 fruits
 K - a meat ration
 M - a slice of pizza
 N - 2 chunks of flesh
 O - a beef jerky


   Skills:
 + Level 6.0 Fighting
 + Level 6.0 Maces & Flails
 + Level 7.0 Armour
 + Level 3.0 Dodging
 + Level 1.1 Stealth
 + Level 6.8 Shields


You had 7 spell levels left.
You didn't know any spells.

Dungeon Overview and Level Annotations

Branches:
Dungeon (6/15)             Temple (0/1) D:5

Altars:
Cheibriados
Gozag
Sif Muna


Innate Abilities, Weirdness & Mutations

You reflexively headbutt those who attack you in melee.
You have a pair of horns on your head.
You are partially covered in icy blue scales (AC +1).
You can breathe flames.
You heal slowly when monsters are visible.


Message History

You feel a bit more experienced. The orc priest barely misses you.
You furiously retaliate!
You headbutt the orc priest!
It was a potion of brilliance.
You feel clever all of a sudden.
The orc priest calls upon Beogh to heal the orc priest.
The orc priest is healed somewhat.
As you read the scroll labeled IDEIMI HOS JIUN, it crumbles to dust.
The creatures around you are filled with an inner flame!
It was a scroll of immolation.
The orc priest glows brightly for a moment.
It was a potion of curing.
You feel better. You block the orc priest's attack.
You block the orc priest's attack.
You sock the orc priest!
The orc priest explodes!
The fiery explosion engulfs you!
* * * LOW HITPOINT WARNING * * *
The fiery explosion engulfs the orc priest.
The orc priest explodes!
The fiery explosion engulfs you!
You die...

#..# # #..##.# #.....#
#.# #o# #.# ### #†######
. ..# ###§##.8.## #.##
#.# #@§§......# #....#
#.# #§#§#8...8###
#<.#...##.###§..........#
#..##............#.8.##.#
#..######.###....####.#.#
#..# #.# #.#.#####.#.#
#..######.# #.........#.#
#.........# ###.#######.#
##.#####.## ##+## #.#


There were no monsters in sight!

Vanquished Creatures
  2 ogres (D:5)
  An ice beast (D:5)
  A centaur (D:6)
  2 giant frogs (D:6)
  A scorpion (D:5)
  A goliath beetle (D:6)
  A giant frog zombie (D:5)
  3 hounds (D:5)
  An orc priest (D:3)
  2 jellies (D:5)
  2 giant frog skeletons (D:5)
  3 worker ants
  2 orc wizards
  Ijyb (D:5)
  Jessica (D:2)
  11 gnolls
  A shadow imp (D:6)
  5 adders
  2 worms
  A giant gecko (D:5)
  An ooze (D:5)
  15 orcs
  A bat zombie (D:5)
  2 giant cockroaches
  12 goblins
  10 hobgoblins
  6 jackals
  14 kobolds
  2 quokkas
  A ball python (D:3)
  10 bats
  4 giant newts
  A quokka zombie (D:5)
  7 rats
130 creatures vanquished.

Vanquished Creatures (others)
  An ogre (D:5)
  A bat (D:5)
2 creatures vanquished.

Grand Total: 132 creatures vanquished

Notes
Turn   | Place    | Note
--------------------------------------------------------------
     0 | D:1      | stefzke33, the Minotaur Fighter, began the quest for the Orb.
     0 | D:1      | Reached XP level 1. HP: 19/19 MP: 1/1
   205 | D:1      | Reached skill level 4 in Shields
   205 | D:1      | Reached XP level 2. HP: 25/27 MP: 1/1
   972 | D:2      | Noticed Jessica
   975 | D:2      | Killed Jessica
   975 | D:2      | Reached XP level 3. HP: 33/33 MP: 2/2
  1280 | D:2      | Reached XP level 4. HP: 41/41 MP: 2/2
  1328 | D:2      | Found an opulent altar of Gozag.
  1332 | D:2      | Found a snail-covered altar of Cheibriados.
  2108 | D:3      | Reached skill level 5 in Armour
  2112 | D:3      | Reached XP level 5. HP: 42/47 MP: 2/2
  2143 | D:3      | Reached skill level 1 in Dodging
  2352 | D:3      | Found a deep blue altar of Sif Muna.
  3011 | D:5      | Entered Level 5 of the Dungeon
  3069 | D:5      | Noticed Ijyb
  3078 | D:5      | Killed Ijyb
  3078 | D:5      | Reached skill level 5 in Shields
  3116 | D:5      | Reached XP level 6. HP: 53/55 MP: 3/3
  3158 | D:5      | Noticed a centaur
  3161 | D:5      | Reached skill level 5 in Fighting
  3229 | D:6      | Killed a centaur
  3489 | D:5      | Reached XP level 7. HP: 61/61 MP: 3/3
  3668 | D:5      | Reached skill level 6 in Armour
  3719 | D:5      | Found a staircase to the Ecumenical Temple.
  3839 | D:5      | Noticed an ogre
  3844 | D:5      | Killed an ogre
  3844 | D:5      | Reached skill level 5 in Maces & Flails
  4052 | D:5      | Noticed an ogre
  4055 | D:5      | Killed an ogre
  4055 | D:5      | Reached skill level 1 in Stealth
  4055 | D:5      | Reached XP level 8. HP: 32/70 MP: 3/3
  4869 | D:6      | Reached skill level 7 in Armour
  4912 | D:6      | Found a staircase to the Ecumenical Temple.
  4960 | D:6      | Gained mutation: You are partially covered in icy blue scales (AC +1). [potion of mutation]
  4960 | D:6      | Gained mutation: You heal slowly when monsters are visible. [potion of mutation]
  4960 | D:6      | Gained mutation: You can breathe flames. [potion of mutation]
  4965 | D:6      | Killed from afar by an orc priest

Action                   |  1- 3 |  4- 6 |  7- 9 || total
-------------------------+-------+-------+-------++-------
Melee: Flail             |    64 |   116 |   127 ||   307
  Use: Potion            |       |     1 |     3 ||     4
       Scroll            |       |     1 |     1 ||     2
  Eat: Chunk             |     1 |     2 |       ||     3
       Meat ration       |       |     1 |     1 ||     2
